 Dungeon Crawl Stone Soup version 0.31.0-12-g77e489cdc1 (webtiles) character file.

Game seed: 4037463727772620044

1358 BigDaddyOpFi the Covered (level 8, 0/52 HPs)
             Began as a Gargoyle Fighter on Feb 21, 2024.
             Was an Initiate of Cheibriados.
             Slain by a wight
             ... wielding a +1 great sword of freezing
              (5 damage)
             ... in the Ecumenical Temple.
             The game lasted 00:08:37 (4820 turns).

BigDaddyOpFi the Covered (Gargoyle Fighter)         Turns: 4820, Time: 00:08:38

Health: 0/52       AC: 23    Str: 23    XL:     8   Next: 64%
Magic:  8/8        EV:  6    Int: 10    God:    Cheibriados [......]
Gold:   199        SH:  6    Dex: 10    Spells: 7/7 levels left

rFire   . . .        a - +2 war axe (elec)
rCold   . . .        c - +1 buckler
rNeg    + . .        r - +4 plate armour
rPois   ∞            k - +0 helmet
rElec   +            b - scarf {+Inv}
rCorr   .            (no gloves)
SInv    .            (no boots)
Will    .....        (no amulet) Stlth
                     (no ring)
HPRegen 0.28/turn    (no ring)
MPRegen 0.11/turn

%: no passive effects
@: slow
A: sickness immunity, AC +5, negative energy resistance 1, electricity
resistance, torment resistance 1, petrification resistance
a: Renounce Religion, Evoke Invisibility


You were in the Ecumenical Temple.
You worshipped Cheibriados.
Cheibriados was noncommittal.
You visited 2 branches of the dungeon, and saw 7 of its levels.
You also visited: Sewer.

You collected 199 gold pieces.

Inventory:

Hand Weapons
 a - a +2 war axe of electrocution (weapon)
Missiles
 e - a throwing net
Armour
 b - a scarf of invisibility (worn)
 c - a +1 buckler (worn)
 k - a +0 helmet (worn)
 r - a +4 plate armour (worn)
Wands
 f - a wand of light (11) (quivered)
Scrolls
 j - 3 scrolls of identify
 l - 2 scrolls of fear
 m - a scroll of vulnerability
 o - a scroll of fog
 s - a scroll of blinking
 t - a scroll of teleportation {unknown}
Potions
 d - a potion of might
 g - a potion of degeneration
 h - a potion of heal wounds
 i - a potion of enlightenment
 n - 2 potions of brilliance
 p - 2 potions of curing
 q - a potion of cancellation {unknown}
 u - a potion of mutation {unknown}


   Skills:
 + Level 6.5 Fighting
 + Level 4.9 Axes
 + Level 6.5 Armour
 + Level 6.5 Shields


You had 7 spell levels left.
You didn't know any spells.
Your spell library contained the following spells:

 Spells                   Type           Power      Damage    Failure   Level
 Apportation              Tloc           0%         N/A       100%        1
 Necrotise                Necr           0%         1d4       100%        1
 Sting                    Conj/Alch      0%         1d3       100%        1
 Summon Small Mammal      Summ           0%         N/A       100%        1
 Call Canine Familiar     Summ           0%         N/A       100%        3
 Dazzling Flash           Conj/Hex       0%         N/A       100%        3
 Sigil of Binding         Hex            0%         N/A       100%        3
 Volatile Blastmotes      Fire/Tloc      0%         2d10      100%        3
 Dimensional Bullseye     Hex/Tloc       0%         N/A       100%        4
 Summon Blazeheart Golem  Fire/Summ      0%         N/A       100%        4
 Starburst                Conj/Fire      0%         6d3       100%        6
 Orb of Destruction       Conj           0%         9d5       100%        7
 Spellforged Servitor     Conj/Summ      0%         N/A       100%        7
 Maxwell's Capacitive Co  Air            0%         ∞         100%        8


Dungeon Overview and Level Annotations

Branches:
Dungeon (6/15)             Temple (1/1) D:6           Sewer (visited)

Altars:
Ashenzari
Cheibriados
Dithmenos
Elyvilon
Fedhas
Gozag
Hepliaklqana
Kikubaaqudgha
Makhleb
Nemelex Xobeh
Okawaru
Qazlal
Ru
Sif Muna
Trog
Uskayaw
Vehumet
Wu Jian
Xom
Yredelemnul
Zin
The Shining One

Shops:
D:1 (   D:5 [*

Annotations:
D:5 2 transporters, ruxi's ghost, novice BaMo
D:6 2 transporters


Innate Abilities, Weirdness & Mutations

You are immune to sickness and miasma.
Your stone body is resilient. (AC +5)
You are immune to poison.
You resist negative energy. (rN+)
You are resistant to electric shocks. (rElec)
You are resistant to unholy torment.
You are immune to petrification.


Message History

Done exploring.
No target in view!
Done exploring.
No target in view!
Okay, then.
There is a snail-covered altar of Cheibriados here.
There is a snail-covered altar of Cheibriados here.
You kneel at the altar of Cheibriados.
Cheibriados welcomes you!
Cheibriados begins to support your attributes as your movement slows.
Cheibriados is now slowing the effects of poison on you.
There is a staircase back to the Dungeon here.
You climb upwards.
Welcome back to the Dungeon!
Level annotation: 2 transporters The wight hits you but does no damage.
Space warps around you.
The wight hits you with a +1 great sword of freezing.
The wight freezes you.
The wight hits you with a +1 great sword of freezing!
The wight freezes you. The wight barely misses you.
There is a staircase to the Ecumenical Temple here.
The wight hits you but does no damage. Space warps horribly around you!
* * * LOW HITPOINT WARNING * * *
The iguana hisses menacingly.
The wight hits you with a +1 great sword of freezing.
* * * LOW HITPOINT WARNING * * *
The wight freezes you.
* * * LOW HITPOINT WARNING * * *
You climb downwards.
Welcome back to the Ecumenical Temple!
There is a staircase back to the Dungeon here.
Unknown command.
You feel better. You block the wight's attack.
You hit the wight but do no damage. You block the wight's attack.
You closely miss the wight. You block the wight's attack.
You hit the wight but do no damage. You block the wight's attack. x2
You hit the wight.
The wight is moderately damaged.
The wight hits you with a +1 great sword of freezing!
* * * LOW HITPOINT WARNING * * *
The wight freezes you.
You die...

...#
#...###...#
#...###...#
#... .###
###..#..###
###..#..###
###. ##
##...##
##...## ##
.###
###..#..###
###..#..###
###. ...#
#...###...#
#...###...#
#...
##.###.###
###.###.###
###.###.##
#..#..#
#..#..#
#..#..#
##...##
##z..##
##...##
##.## #.@.#
##.##
##...##
##...##
##...##
#..#..#
#..#..#
#..#..#
#.###.#
#.###.#
#.###.#
##.# #.###
###.# #.###
###.# #.##
...#
#...###...#
#...###...#
#... .###
###..#..###
###..#..###
###. ##
##...##
##...## ##
.###
###..#..###
###..#..###
###.


You could see a wight.

Vanquished Creatures
  Grinder (D:3)
  A steam dragon (D:6)
  Pargi (Sewer)
  A bullfrog (D:6)
  2 brain worms (Sewer)
  A gnoll sergeant (D:3)
  2 jellies
  3 orc priests
  2 bombardier beetles
  3 hounds
  An iguana (D:4)
  4 orc wizards
  7 gnolls
  8 adders
  3 dart slugs
  2 ribbon worms
  21 orcs
  6 bats
  7 endoplasms
  5 giant cockroaches
  4 goblins
  11 kobolds
  5 quokkas
  7 ball pythons
  10 frilled lizards
  7 rats
125 creatures vanquished.

Vanquished Creatures (others)
  An adder (D:6)
1 creature vanquished.

Grand Total: 126 creatures vanquished

Notes
Turn   | Place    | Note
-------+----------+-------------------------------------------
     0 | D:1      | BigDaddyOpFi the Gargoyle Fighter began the quest for the
                  | Orb.
     0 | D:1      | Reached XP level 1. HP: 14/14 MP: 1/1
   177 | D:1      | Found a faded altar of an unknown god.
   177 | D:1      | Noticed a chaos spawn
   222 | D:1      | Reached XP level 2. HP: 15/19 MP: 2/2
   232 | D:1      | Reached XP level 3. HP: 17/24 MP: 3/3
   279 | D:1      | Found Qoroz's Weapon Emporium.
   755 | D:2      | Reached XP level 4. HP: 26/29 MP: 4/4
  1433 | D:3      | Reached XP level 5. HP: 28/33 MP: 5/5
  1552 | D:3      | Reached XP level 6. HP: 8/39 MP: 6/6
  1731 | D:3      | Found a white marble altar of Elyvilon.
  1760 | D:3      | Noticed Grinder
  1761 | D:3      | Paralysed by Grinder for 3 turns
  1771 | D:3      | Killed Grinder
  1772 | D:3      | Reached skill level 5 in Fighting
  1772 | D:3      | Reached skill level 5 in Armour
  1772 | D:3      | Reached skill level 5 in Shields
  1772 | D:3      | Reached XP level 7. HP: 34/44 MP: 7/7
  3383 | D:5      | Entered Level 5 of the Dungeon
  3383 | D:5      | Noticed ruxi's ghost (novice BaMo)
  3384 | D:5      | Found a transporter.
  3675 | D:5      | Found a glowing drain.
  3681 | Sewer    | Entered a sewer
  3746 | Sewer    | Reached XP level 8. HP: 38/51 MP: 5/8
  3798 | Sewer    | Noticed Pargi
  3811 | Sewer    | Killed Pargi
  4000 | D:5      | Found a transporter.
  4012 | D:5      | Found Foynaiwk's Fabulous Fripperies.
  4219 | D:5      | Found Wakono's Antique Armour Boutique.
  4568 | D:6      | Found a transporter.
  4601 | D:6      | Noticed a kobold demonologist
  4614 | D:6      | Found a transporter.
  4626 | D:6      | Noticed a kobold demonologist
  4762 | D:6      | Found a staircase to the Ecumenical Temple.
  4773 | Temple   | Entered the Ecumenical Temple
  4794 | Temple   | Became a worshipper of Cheibriados the Contemplative
  4820 | Temple   | Slain by a wight

Illustrated notes

Levels and vault maps discovered:
D:1:      lightli_arrival_noodles, layout_loops_ring,
          dreamdust_ecumenical_altar_sealed_demon, serial_shops,
          nicolae_shop_bloodbath_and_beyond, minmay_splitting_lines
D:2:      wander_river, layout_rooms, kennysheep_flooded_box,
          amcnicky_mini_pool_small, minmay_lizard_pond
D:3:      layout_rooms, elyvilon_altar_5, uniq_grinder
D:4:      layout_basic
D:5:      layout_loops_corners, gup_sewer_entry_spiral, serial_shops,
          kennysheep_mini_moat, gammafunk_ghost_mausoleum,
          nicolae_alphabet_shops
D:6:      gammafunk_wand_slinger, layout_rooms, minmay_temple_entry_slanted,
          serial_shops, nicolae_shop_gibbet_a_chance, lemuel_flamethrower_2
Temple:   roderic_octagonal_lattice_temple

Skill      XL: |  1  2  3  4  5  6  7  8 |
---------------+-------------------------+-----
Axes           | 2 3 4 |  4.9
Fighting       | 4 5 6 |  6.5
Armour         | 4 5 6 |  6.5
Shields        | 4 5 6 |  6.5

Action                     |  1- 3 |  4- 6 |  7- 9 || total
---------------------------+-------+-------+-------++-------
  Melee: War axe           |    69 |   129 |   172 ||   370
  Evoke: Wand              |       |     1 |       ||     1
    Use: Scroll            |     3 |     5 |    10 ||    18
         Potion            |       |     3 |     2 ||     5
   Stab: Invisible         |       |     3 |       ||     3
 Armour: Scale mail        |    59 |    96 |    28 ||   183
         Plate armour      |       |       |   124 ||   124
  Dodge: Dodged            |    40 |    74 |    39 ||   153
  Block: Buckler           |    12 |    45 |    56 ||   113
